TOP OF THE 1ST |
Burlington Bees batting - Pitching for Greenville Drive : RHP Graham Jackson
|
Pitching: RHP Graham Jackson
|
|
Batting: RHB Ryuji Ito
|
0-0: Ball 1-0: Foul Ball, location: 2F 1-1: SINGLE (Groundball, 6MD, EV 103.8 MPH)
|
Batting: LHB James McCauley
|
0-0: Ball 1-0: Ball 2-0: Fly out, F9 (Flyball, 9LS, EV 77.5 MPH)
|
Batting: RHB Ryan Munro
|
0-0: Called Strike 0-1: Ball 1-1: Ball 2-1: Foul Ball, location: 2F 2-2: Strikes out swinging
|
Batting: LHB Griffin Ferris
|
0-0: Called Strike Ryuji Ito steals 2nd base 0-1: Ball 1-1: Swinging Strike 1-2: Strikes out swinging
|
Top of the 1st over - 0 runs, 1 hit, 0 errors, 1 left on base; Burlington 0 - Greenville 0 |
BOTTOM OF THE 1ST |
Greenville Drive batting - Pitching for Burlington Bees : RHP Chris Russell
|
Pitching: RHP Chris Russell
|
|
Batting: LHB Nelis Geurts
|
0-0: Foul Ball, location: 2F 0-1: Ball 1-1: Ground out 6-3 (Groundball, 6, EV 99.4 MPH)
|
Batting: RHB David Norum
|
0-0: Ball 1-0: Fly out, F8 (Flyball, 89D, EV 92.5 MPH)
|
Batting: RHB Larry Brocato
|
0-0: Ball 1-0: Called Strike 1-1: Swinging Strike 1-2: Ground out U3 (Groundball, 34, EV 86.9 MPH)
|
Bottom of the 1st over - 0 runs, 0 hits, 0 errors, 0 left on base; Burlington 0 - Greenville 0 |
TOP OF THE 2ND |
Burlington Bees batting - Pitching for Greenville Drive : RHP Graham Jackson
|
Batting: LHB Matthew Bale
|
0-0: Called Strike 0-1: SINGLE (Groundball, 34D, EV 103.8 MPH)
|
Batting: LHB Mark Reeg
|
0-0: Ball 1-0: Ball 2-0: Foul Ball, location: 2F 2-1: Ball 3-1: Grounds into double play, 6-4-3 (Groundball, 6M, EV 92.5 MPH)
|
Batting: LHB Spencer Palmer
|
0-0: Fly out, F8 (Line Drive, 8RM, EV 89.4 MPH)
|
Top of the 2nd over - 0 runs, 1 hit, 0 errors, 0 left on base; Burlington 0 - Greenville 0 |
BOTTOM OF THE 2ND |
Greenville Drive batting - Pitching for Burlington Bees : RHP Chris Russell
|
Batting: LHB John Criswell
|
0-0: Called Strike 0-1: Ball 1-1: SINGLE (Flyball, 78S, EV 91.2 MPH)
|
Batting: RHB Andy Garvin
|
0-0: Called Strike 0-1: Ball 1-1: Swinging Strike 1-2: Reached on error, E6 (Groundball, 6, EV 94.4 MPH) John Criswell to second
|
Batting: SHB Greg Shaw
|
0-0: Ball 1-0: Foul Ball, location: 2F 1-1: Foul Ball, location: 2F 1-2: Ball 2-2: DOUBLE (Flyball, 89D, EV 100.6 MPH) John Criswell scores Andy Garvin to third
|
Batting: RHB Joel Vazquez
|
0-0: Swinging Strike 0-1: Ball 1-1: Ball 2-1: Ball 3-1: Base on Balls
|
Batting: RHB Joe Sandoval
|
0-0: Foul Ball, location: 2F 0-1: Ball 1-1: Foul Ball, location: 2F 1-2: Grounds into fielders choice 1-2 (Groundball, 13S, EV 71.9 MPH) Greg Shaw to third Joel Vazquez to second
|
Batting: RHB Ted Emmerich
|
0-0: Ball 1-0: Ball 2-0: Called Strike 2-1: Fielders Choice at 2nd, 3-6 (Groundball, 34, EV 83.1 MPH) Greg Shaw scores Joel Vazquez to third
|
Batting: LHB Nelis Geurts
|
0-0: Ball 1-0: Called Strike 1-1: Ball 2-1: Foul Ball, location: 2F 2-2: Ball 3-2: Foul Ball, location: 2F 3-2: Ground out 4-3 (Groundball, 4M, EV 81.9 MPH)
|
Bottom of the 2nd over - 2 runs, 2 hits, 1 error, 2 left on base; Burlington 0 - Greenville 2 |
TOP OF THE 3RD |
Burlington Bees batting - Pitching for Greenville Drive : RHP Graham Jackson
|
Batting: RHB Dean LeCroy
|
0-0: Ball 1-0: Ball 2-0: Foul Ball, location: 2F 2-1: Called Strike 2-2: Foul Ball, location: 2F 2-2: Ball 3-2: Strikes out swinging
|
Batting: RHB Pat Crawley
|
0-0: Called Strike 0-1: Ground out 2-3 (Groundball, 13S, EV 74.4 MPH)
|
Batting: RHB Ryuji Ito
|
0-0: Foul Ball, location: 2F 0-1: Ball 1-1: Ball 2-1: Called Strike 2-2: Ball 3-2: Foul Ball, location: 2F 3-2: Fly out, F8 (Flyball, 8RD, EV 93.1 MPH)
|
Top of the 3rd over - 0 runs, 0 hits, 0 errors, 0 left on base; Burlington 0 - Greenville 2 |
BOTTOM OF THE 3RD |
Greenville Drive batting - Pitching for Burlington Bees : RHP Chris Russell
|
Batting: RHB David Norum
|
0-0: Ball 1-0: Fly out, F7 (Flyball, 7D, EV 106.2 MPH)
|
Batting: RHB Larry Brocato
|
0-0: Ball 1-0: Swinging Strike 1-1: Foul Ball, location: 2F 1-2: Ground out 4-3 (Groundball, 4S, EV 86.2 MPH)
|
Batting: LHB John Criswell
|
0-0: Called Strike 0-1: Ball 1-1: Ball 2-1: Ball 3-1: Base on Balls
|
Batting: RHB Andy Garvin
|
0-0: Called Strike 0-1: Ball 1-1: Ball 2-1: Foul Ball, location: 2F 2-2: Foul Ball, location: 2F 2-2: Ball 3-2: Base on Balls John Criswell to second
|
Batting: SHB Greg Shaw
|
0-0: Ball 1-0: Ball 2-0: Called Strike 2-1: Fly out, F7 (Flyball, 7, EV 83.8 MPH)
|
Bottom of the 3rd over - 0 runs, 0 hits, 0 errors, 2 left on base; Burlington 0 - Greenville 2 |
TOP OF THE 4TH |
Burlington Bees batting - Pitching for Greenville Drive : RHP Graham Jackson
|
Batting: LHB James McCauley
|
0-0: Ball 1-0: Ball 2-0: Called Strike 2-1: Ball 3-1: Base on Balls
|
Batting: RHB Ryan Munro
|
0-0: Ball 1-0: Ball James McCauley is caught stealing 2nd base 2-4 2-0: Called Strike 2-1: Foul Ball, location: 2F 2-2: Ball 3-2: SINGLE (Line Drive, 7S, EV 110.0 MPH)
|
Batting: LHB Griffin Ferris
|
0-0: Called Strike Ryan Munro is caught stealing 2nd base 2-6 0-1: Ball 1-1: Foul Ball, location: 2F 1-2: Strikes out swinging
|
Top of the 4th over - 0 runs, 1 hit, 0 errors, 0 left on base; Burlington 0 - Greenville 2 |
BOTTOM OF THE 4TH |
Greenville Drive batting - Pitching for Burlington Bees : RHP Chris Russell
|
Batting: RHB Joel Vazquez
|
0-0: Ball 1-0: Swinging Strike 1-1: Ball 2-1: Ground out 4-3 (Groundball, 4MS, EV 88.1 MPH)
|
Batting: RHB Joe Sandoval
|
0-0: SINGLE (Groundball, 34D, EV 97.5 MPH)
|
Batting: RHB Ted Emmerich
|
0-0: Ball 1-0: Ball 2-0: Called Strike 2-1: Ball 3-1: Foul Ball, location: 2F 3-2: Foul Ball, location: 2F 3-2: Base on Balls Joe Sandoval to second
|
Batting: LHB Nelis Geurts
|
0-0: Ball 1-0: Called Strike 1-1: Called Strike 1-2: Grounds into double play, 6-4-3 (Groundball, 6, EV 90.0 MPH)
|
Bottom of the 4th over - 0 runs, 1 hit, 0 errors, 1 left on base; Burlington 0 - Greenville 2 |
TOP OF THE 5TH |
Burlington Bees batting - Pitching for Greenville Drive : RHP Graham Jackson
|
Batting: LHB Matthew Bale
|
0-0: Called Strike 0-1: Foul Ball, location: 2F 0-2: Ball 1-2: Strikes out looking
|
Batting: LHB Mark Reeg
|
0-0: Ball 1-0: Swinging Strike 1-1: Called Strike 1-2: Ball 2-2: Strikes out swinging
|
Batting: LHB Spencer Palmer
|
0-0: Ball 1-0: Ball 2-0: Ball 3-0: Base on Balls
|
Batting: RHB Dean LeCroy
|
0-0: Ball Spencer Palmer is caught stealing 2nd base 2-4
|
Top of the 5th over - 0 runs, 0 hits, 0 errors, 0 left on base; Burlington 0 - Greenville 2 |
BOTTOM OF THE 5TH |
Greenville Drive batting - Pitching for Burlington Bees : RHP Chris Russell
|
Batting: RHB David Norum
|
0-0: Swinging Strike 0-1: Fly out, F3 (Popup, 3S, EV 84.4 MPH)
|
Batting: RHB Larry Brocato
|
0-0: Ball 1-0: SOLO HOME RUN (Flyball, 78XD, EV 105.6 MPH), Distance : 416 ft
|
Batting: LHB John Criswell
|
0-0: Foul Ball, location: 2F 0-1: SOLO HOME RUN (Flyball, 9LD, EV 93.8 MPH), Distance : 353 ft
|
Pitching: LHP Ryouhei Hosaka
|
|
Batting: RHB Andy Garvin
|
0-0: Called Strike 0-1: Foul Ball, location: 2F 0-2: SINGLE (Line Drive, 78S, EV 108.8 MPH)
|
Batting: SHB Greg Shaw
|
0-0: Ball 1-0: Ball 2-0: Called Strike 2-1: Foul Ball, location: 2F 2-2: Strikes out swinging
|
Batting: RHB Joel Vazquez
|
0-0: Called Strike 0-1: Ball 1-1: Swinging Strike 1-2: Foul Ball, location: 2F 1-2: Ball 2-2: Fly out, F8 (Flyball, 78S, EV 91.9 MPH)
|
Bottom of the 5th over - 2 runs, 3 hits, 0 errors, 1 left on base; Burlington 0 - Greenville 4 |
TOP OF THE 6TH |
Burlington Bees batting - Pitching for Greenville Drive : RHP Graham Jackson
|
Batting: RHB Dean LeCroy
|
0-0: Ball 1-0: Foul Ball, location: 2F 1-1: Swinging Strike 1-2: Ball 2-2: Strikes out swinging
|
Batting: RHB Pat Crawley
|
0-0: Called Strike 0-1: Ground out 1-3 (Groundball, 13S, EV 61.2 MPH)
|
Batting: RHB Ryuji Ito
|
0-0: Called Strike 0-1: Foul Ball, location: 2F 0-2: Ball 1-2: Foul Ball, location: 2F 1-2: Strikes out looking
|
Top of the 6th over - 0 runs, 0 hits, 0 errors, 0 left on base; Burlington 0 - Greenville 4 |
BOTTOM OF THE 6TH |
Greenville Drive batting - Pitching for Burlington Bees : LHP Ryouhei Hosaka
|
Batting: RHB Joe Sandoval
|
0-0: Ball 1-0: Swinging Strike 1-1: Swinging Strike 1-2: Foul Ball, location: 2F 1-2: Foul Ball, location: 2F 1-2: Ball 2-2: Strikes out swinging
|
Batting: RHB Ted Emmerich
|
0-0: Ball 1-0: Called Strike 1-1: Fly out, F7 (Flyball, 7, EV 84.4 MPH)
|
Batting: LHB Nelis Geurts
|
0-0: Foul Ball, location: 2F 0-1: Called Strike 0-2: Strikes out swinging
|
Bottom of the 6th over - 0 runs, 0 hits, 0 errors, 0 left on base; Burlington 0 - Greenville 4 |
TOP OF THE 7TH |
Burlington Bees batting - Pitching for Greenville Drive : RHP Graham Jackson
|
Batting: LHB James McCauley
|
0-0: Called Strike 0-1: Ball 1-1: Swinging Strike 1-2: Ball 2-2: SINGLE (Line Drive, 6D, EV 94.4 MPH)
|
Batting: RHB Ryan Munro
|
0-0: Swinging Strike 0-1: Foul Ball, location: 2F 0-2: Ball 1-2: Fielders Choice at 2nd, 2-4 (Groundball, 15S, EV 66.9 MPH)
|
Batting: LHB Griffin Ferris
|
0-0: Grounds into double play, 6-4-3 (Groundball, 6, EV 81.9 MPH)
|
Top of the 7th over - 0 runs, 1 hit, 0 errors, 0 left on base; Burlington 0 - Greenville 4 |
BOTTOM OF THE 7TH |
Greenville Drive batting - Pitching for Burlington Bees : LHP Ryouhei Hosaka
|
Pitching: RHP Chris Petrey
|
|
Batting: RHB David Norum
|
0-0: Called Strike 0-1: Foul Ball, location: 2F 0-2: Strikes out swinging
|
Batting: RHB Larry Brocato
|
0-0: Ball 1-0: Ball 2-0: Called Strike 2-1: Foul Ball, location: 2F 2-2: Foul Ball, location: 2F 2-2: Strikes out swinging
|
Batting: LHB John Criswell
|
0-0: Ground out 2-3 (Groundball, 15S, EV 65.0 MPH)
|
Bottom of the 7th over - 0 runs, 0 hits, 0 errors, 0 left on base; Burlington 0 - Greenville 4 |
TOP OF THE 8TH |
Burlington Bees batting - Pitching for Greenville Drive : RHP Graham Jackson
|
Pitching: RHP Wing-chiu Ya
|
|
Batting: LHB Matthew Bale
|
0-0: Called Strike 0-1: Ball 1-1: Fly out, F4 (Line Drive, 4, EV 74.4 MPH)
|
Batting: LHB Mark Reeg
|
0-0: Ball 1-0: SINGLE (Flyball, 9LS, EV 86.2 MPH)
|
Batting: LHB Spencer Palmer
|
0-0: Foul Ball, location: 2F 0-1: Ball 1-1: Foul Ball, location: 2F 1-2: Strikes out swinging
|
Batting: RHB Dean LeCroy
|
0-0: Called Strike 0-1: Ball 1-1: Fly out, F6 (Line Drive, 6M, EV 75.0 MPH)
|
Top of the 8th over - 0 runs, 1 hit, 0 errors, 1 left on base; Burlington 0 - Greenville 4 |
BOTTOM OF THE 8TH |
Greenville Drive batting - Pitching for Burlington Bees : RHP Chris Petrey
|
Pitching: RHP Billy Havlik
|
|
Batting: RHB Andy Garvin
|
0-0: Ball 1-0: Called Strike 1-1: DOUBLE (Groundball, 5L, EV 100.6 MPH)
|
Batting: SHB Greg Shaw
|
0-0: Called Strike Andy Garvin steals 3rd base 0-1: Ball 1-1: Foul Ball, location: 2F 1-2: Foul Ball, location: 2F 1-2: Ball 2-2: Foul Ball, location: 2F 2-2: Foul Ball, location: 2F 2-2: Foul Ball, location: 2F 2-2: Ball 3-2: Strikes out looking
|
Batting: RHB Joel Vazquez
|
0-0: Foul Ball, location: 2F 0-1: Swinging Strike 0-2: Ball 1-2: Ball 2-2: Strikes out looking
|
Batting: RHB Joe Sandoval
|
0-0: Ball 1-0: Ball 2-0: Foul Ball, location: 2F 2-1: Foul Ball, location: 2F 2-2: Ball 3-2: Foul Ball, location: 2F 3-2: Foul Ball, location: 2F 3-2: Fly out, F7 (Flyball, 78M, EV 84.4 MPH)
|
Bottom of the 8th over - 0 runs, 1 hit, 0 errors, 1 left on base; Burlington 0 - Greenville 4 |
TOP OF THE 9TH |
Burlington Bees batting - Pitching for Greenville Drive : RHP Wing-chiu Ya
|
Pitching: RHP Eddie Mosley
|
|
Batting: RHB Pat Crawley
|
0-0: SINGLE (Groundball, 4MD, EV 96.9 MPH)
|
Batting: RHB Ryuji Ito
|
0-0: Called Strike 0-1: Foul Ball, location: 2F 0-2: Ball 1-2: Ball 2-2: SINGLE (Groundball, 25, EV 66.9 MPH) (infield hit) Pat Crawley to second
|
Pitching: RHP Roberto Morales
|
|
Batting: LHB James McCauley
|
0-0: Ball 1-0: Ball 2-0: Swinging Strike 2-1: Ball 3-1: Base on Balls Pat Crawley to third Ryuji Ito to second
|
Batting: RHB Ryan Munro
|
0-0: Ball 1-0: Ball 2-0: Swinging Strike 2-1: Ball 3-1: Called Strike 3-2: Base on Balls Pat Crawley scores Ryuji Ito to third James McCauley to second
|
Batting: LHB Griffin Ferris
|
0-0: Foul Ball, location: 2F 0-1: Swinging Strike 0-2: Ball 1-2: Strikes out swinging
|
Batting: LHB Matthew Bale
|
0-0: Ball 1-0: Foul Ball, location: 2F 1-1: Called Strike 1-2: Strikes out swinging
|
Batting: LHB Mark Reeg
|
0-0: SINGLE (Groundball, 56, EV 94.4 MPH) Ryuji Ito scores James McCauley to third Ryan Munro to second
|
Batting: LHB Spencer Palmer
|
Balk! James McCauley scores Ryan Munro to third Mark Reeg to second 0-0: Called Strike 0-1: Called Strike 0-2: Strikes out looking
|
Top of the 9th over - 3 runs, 3 hits, 0 errors, 2 left on base; Burlington 3 - Greenville 4 |
|